 Dungeon Crawl Stone Soup version 0.31-a0-920-g28cbb04a8c (webtiles) character file.

Game seed: 14632924811178079581

68 Hubris850 the Digger (level 4, -2/24 HPs)
             Began as a Gargoyle Earth Elementalist on Oct 17, 2023.
             Killed from afar by an orc wizard (5 damage)
             ... with a puff of flame
             ... on level 3 of the Dungeon.
             The game lasted 00:05:14 (1941 turns).

Hubris850 the Digger (Gargoyle Earth Elementalist)  Turns: 1941, Time: 00:05:15

Health: -2/24      AC: 10    Str: 12    XL:     4   Next: 19%
Magic:  7/7        EV: 10    Int: 17    God:
Gold:   200        SH:  3    Dex: 10    Spells: 6/7 levels left

rFire   . . .        f - +0 whip
rCold   . . .        l - +0 buckler
rNeg    + . .        z - +0 ring mail
rPois   ∞            (no helmet)
rElec   +            e - +0 cloak
rCorr   .            (no gloves)
SInv    .            (no boots)
Will    .....        (no amulet)
Stlth   +            (no ring)
HPRegen 0.24/turn    (no ring)
MPRegen 0.10/turn

%: no passive effects
@: no status effects
A: sickness immunity, AC +3, negative energy resistance 1, electricity
resistance, torment resistance 1, petrification resistance
a: no special abilities


You were on level 3 of the Dungeon.
You visited 1 branch of the dungeon, and saw 3 of its levels.

You collected 200 gold pieces.

Inventory:

Hand Weapons
 c - a +0 spear
 f - a +0 whip (weapon)
 q - a +0 rapier
 t - a +0 dagger of holy wrath
Armour
 a - a +0 robe
 d - a +0 plate armour
 e - a +0 cloak (worn)
 l - a +0 buckler (worn)
 z - a +0 ring mail (worn)
Talismans
 i - a flux talisman
Scrolls
 j - a scroll of amnesia {unknown}
 k - 2 scrolls of identify {unknown}
 n - a scroll of enchant weapon {unknown}
 r - a scroll of torment {unknown}
 s - a scroll of noise {unknown}
 u - a scroll of brand weapon {unknown}
 x - a scroll of fear {unknown}
 y - a scroll of blinking {unknown}
Potions
 b - a potion of magic
 g - a potion of mutation {unknown}
 h - 2 potions of curing {unknown}
 m - 2 potions of brilliance {unknown}
 o - a potion of degeneration {unknown}
 p - a potion of might {unknown}
 v - a potion of berserk rage {unknown}
 w - a potion of ambrosia {unknown}


   Skills:
 + Level 2.3 Armour
 + Level 2.7 Dodging
 - Level 2.1 Stealth
 + Level 1.0 Shields
 - Level 2.0 Spellcasting
 - Level 0.7 Transmutations
 - Level 3.6 Earth Magic


You had 6 spell levels left.
You knew the following spells:

 Your Spells              Type           Power      Damage    Failure   Level
a - Sandblast             Erth           28%        2d8       14%         1

Your spell library contained the following spells:

 Spells                   Type           Power      Damage    Failure   Level
 Passwall                 Tmut/Erth      7%         N/A       36%         2
 Magic Dart               Conj           4%         1d3       52%         1
 Stone Arrow              Conj/Erth      14%        3d7       65%         3
 Call Imp                 Summ           2%         N/A       67%         2
 Mephitic Cloud           Conj/Pois/Air  1%         N/A       88%         3
 Petrify                  Tmut/Erth      9%         N/A       94%         4
 Brom's Barrelling Bould  Conj/Erth      7%         2d3       96%         4


Dungeon Overview and Level Annotations

Branches:
Dungeon (3/15)

Altars:
Kikubaaqudgha


Innate Abilities, Weirdness & Mutations

You are immune to sickness and miasma.
Your stone body is resilient. (AC +3)
You are immune to poison.
You resist negative energy. (rN+)
You are resistant to electric shocks. (rElec)
You are resistant to unholy torment.
You are immune to petrification.


Message History

There is a fountain of clear blue water here.
You hear some strange, mumbled words.
A magic dart appears from out of thin air!
The magic dart hits you.
There is a fountain of clear blue water here.
You hit something. Something hits you but does no damage.
Something completely misses you.
You miss something. Something hits you but does no damage.
You miss something.
An orc wizard appears from thin air!
Reactivating autopickup.
The orc wizard hits you with a +0 dagger.
You closely miss the orc wizard.
The orc wizard is severely wounded.
The orc wizard misses you.
The orc wizard gestures at you while chanting.
The puff of flame hits you.
* * * LOW HITPOINT WARNING * * *
You hit the orc wizard.
The orc wizard is severely wounded.
The orc wizard hits you but does no damage.
You closely miss the orc wizard.
The orc wizard is severely wounded.
The orc wizard hits you but does no damage.
You closely miss the orc wizard.
The orc wizard is severely wounded.
The orc wizard gestures at you while chanting.
You are confused.
The orc wizard hits you with a +0 dagger.
* * * LOW HITPOINT WARNING * * *
There is a fountain of clear blue water here.
You're too confused to move!
The orc wizard hits you but does no damage.
You miss the orc wizard.
The orc wizard is severely wounded.
The orc wizard points at you and mumbles some strange words.
The puff of flame hits you but does no damage.
You feel less confused. The orc wizard casts a spell at you.
The puff of flame hits you.
You die...

#######.#....#.# #.#
........########### ###.#
........# #._.# #.... #.......##
#...# #######....
####.##..###+###'###+##..........
#.....##...........#.#####....
####..##....⌠.⌠...^#..........
##..##....⌠....##..########
#...##..⌠@o..##.....######
##...##.....##...##.....#.
#.##.###.###....######...
#.....#....÷#...# ##..
###.........#...# #..
#........###...# ##.# ##..#.....#
##### #..# #..##.....### ##.##
####..#........# ##..##


You could see an orc wizard.

Vanquished Creatures
  An adder (D:2)
  A gnoll (D:1)
  A worm (D:2)
  A dart slug (D:2)
  3 orcs (D:3)
  3 endoplasms
  A giant cockroach (D:2)
  3 hobgoblins
  A kobold (D:2)
  5 quokkas
  5 ball pythons
  3 bats
  2 frilled lizards (D:1)
  8 goblins
  A rat (D:2)
39 creatures vanquished.

Notes
Turn   | Place    | Note
-------+----------+-------------------------------------------
     0 | D:1      | Hubris850 the Gargoyle Earth Elementalist began the quest
                  | for the Orb.
     0 | D:1      | Reached XP level 1. HP: 10/10 MP: 3/3
   326 | D:1      | Reached skill level 1 in Armour
   326 | D:1      | Reached XP level 2. HP: 7/15 MP: 3/5
   804 | D:2      | Reached XP level 3. HP: 16/19 MP: 6/6
  1587 | D:3      | Reached XP level 4. HP: 23/24 MP: 7/7
  1701 | D:3      | Reached skill level 1 in Shields
  1897 | D:3      | Found an ancient bone altar of Kikubaaqudgha.
  1941 | D:3      | Killed from afar by an orc wizard

Illustrated notes

Levels and vault maps discovered:
D:1:      evilmike_arrival_hilbert_curve, layout_basic
D:2:      layout_basic, nrook_campfire, roderic_serpentine_path
D:3:      layout_rooms, palyth_temple_overflow_mages,
          shapermc_ecumenical_altar_mp_highgroup, grunt_decor_mini_mirrors

Skill      XL: |  1  2  3  4 |
---------------+-------------+-----
Dodging        | 2 |  2.7
Armour         | 1 2 |  2.3
Shields        | 1 |  1.0
Stealth        | |  2.1
Spellcasting   | |  2.0
Transmutations | |  0.7
Earth Magic    | |  3.6

Action                     |  1- 3 |  4- 6 || total
---------------------------+-------+-------++-------
  Melee: Spear             |    17 |       ||    17
         Whip              |   148 |    63 ||   211
   Cast: Sandblast         |     3 |       ||     3
   Stab: Sleeping          |     1 |       ||     1
 Armour: Plate armour      |   193 |    25 ||   218
         Robe              |     3 |       ||     3
         Ring mail         |       |    31 ||    31
  Dodge: Dodged            |    19 |     5 ||    24
  Block: Buckler           |    11 |     8 ||    19

Table legend: (Time is in decaauts)
 A = Elapsed time spent in this place.
 B = Non-inter-level travel time spent in this place.
 C = Inter-level travel time spent in this place.
 D = Time resting spent in this place.
 E = Time spent auto-exploring this place.
 F = Levels seen in this place.
 G = Mean time per level.
                   A        B        C        D        E       F      G
               +--------+--------+--------+--------+--------+-----+--------+
         Total |   1973 |   1927 |     46 |    100 |   1295 |   3 |  657.7 |
       Dungeon |   1973 |   1927 |     46 |    100 |   1295 |   3 |  657.7 |
               +--------+--------+--------+--------+--------+-----+--------+

Top non-repeatable levels by time:
     D:1: 794 daAuts
     D:2: 745 daAuts
     D:3: 434 daAuts
